 Dungeon Crawl Stone Soup version 0.26-a0-784-g51bffae0b1 (webtiles) character file.

Game seed: 12497944200435908108

2454 Morbidden the Ruffian (level 9, -7/80 HPs)
             Began as a Naga Transmuter on Nov 10, 2020.
             Killed by divine providence
             ... invoked by an orc priest
              (12 damage)
             ... on level 7 of the Dungeon.
             The game lasted 00:14:16 (10559 turns).

Morbidden the Ruffian (Naga Transmuter)            Turns: 10559, Time: 00:14:17

Health: -7/80      AC:  2    Str: 13    XL:     9   Next: 50%
Magic:  14/16      EV: 22    Int: 16    God:
Gold:   212        SH:  0    Dex: 17    Spells: 14/18 levels left

rFire    + . .     SeeInvis +     - Unarmed
rCold    . . .     Faith    .   (shield currently unavailable)
rNeg     . . .     Spirit   .   (armour currently unavailable)
rPois    x         Reflect  .   (helmet currently unavailable)
rElec    .         Harm     .   (cloak currently unavailable)
rCorr    +         Rampage  .   (gloves currently unavailable)
MR       +....                  (no barding)
Stlth    ++........             (no amulet)
HPRegen  0.23/turn              m - ring of resist corrosion
MPRegen  0.15/turn              r - ring of protection from fire

@: spider-form (expiring)
A: tiny, see invisible, spit poison 1, AC +3
a: Spit Poison, End Transformation


You were on level 7 of the Dungeon.
You were a venomous arachnid creature.
You visited 2 branches of the dungeon, and saw 8 of its levels.

You collected 296 gold pieces.
You spent 84 gold pieces at shops.

Inventory:

Missiles
 k - 3 throwing nets (quivered)
Armour
 i - a +2 leather armour of poison resistance (melded)
 t - a +0 cloak (melded)
Jewellery
 d - an uncursed ring of ice
 m - a ring of resist corrosion (left front leg)
 r - a ring of protection from fire (right front leg)
Wands
 s - a wand of enslavement (4)
Scrolls
 b - 3 scrolls of remove curse
 c - a scroll of amnesia
 g - 3 scrolls of teleportation
 h - 5 scrolls of identify {unknown}
 n - a scroll of enchant weapon {unknown}
 u - a scroll of magic mapping {unknown}
Potions
 a - a potion of cancellation {unknown}
 e - a potion of heal wounds {unknown}
 f - a potion of resistance {unknown}
 j - a potion of berserk rage {unknown}
 l - a potion of degeneration {unknown}
 o - a potion of attraction {unknown}
 p - a potion of curing
 q - a potion of lignification {unknown}


   Skills:
 * Level 4.9 Fighting
 + Level 2.4 Armour
 * Level 4.2 Dodging
 + Level 3.1 Stealth
 + Level 6.6 Unarmed Combat
 * Level 5.0 Spellcasting
 * Level 5.0 Transmutations
 + Level 4.1 Poison Magic


You had 14 spell levels left.
You knew the following spells:

 Your Spells              Type           Power        Failure   Level
a - Beastly Appendage     Tmut           ###...       8%          1
b - Spider Form           Tmut/Pois      ###.......   19%         3

Your spell library contained the following spells:

 Spells                   Type           Power        Failure   Level
 Wereblood                Tmut           ###.....     11%         2
 Ice Form                 Ice/Tmut       ##......     69%         4
 Blade Hands              Tmut           ###.......   69%         5


Dungeon Overview and Level Annotations

Branches:
Dungeon (7/15)             Temple (1/1) D:5

Altars:
Elyvilon
Fedhas
Gozag
Hepliaklqana
Makhleb
Nemelex Xobeh
Okawaru
Qazlal
Ru
Wu Jian
Xom
Zin
The Shining One

Shops:
D:4 ?


Innate Abilities, Weirdness & Mutations

You cannot wear boots.
((Your serpentine skin is tough. (AC +3)))
You have supernaturally acute eyesight. (SInv)
((Armour fits poorly on your strangely shaped body.))
((Your system is resistant to poisons. (rPois)))
((You cover ground very slowly.))
You can spit poison.


Message History

The orc wizard completely misses you.
The orc priest mumbles some strange prayers to Beogh against you.
Beogh smites you!
* * * LOW HITPOINT WARNING * * *
Unknown command.
Unknown command.
The orc barely misses you.
The orc wizard looks encouraged for a moment.
There is an open door here.
You see here 9 stones.
Unknown command.
Unknown command.
You feel better.
The orc wizard hits you with a cursed -2 dagger.
* * * LOW HITPOINT WARNING * * *
The orc hits you from afar with a +0 trident!
* * * LOW HITPOINT WARNING * * *
The orc priest mumbles some strange prayers to Beogh against you.
Beogh smites you!
You die...

#......... ..
##......... ...#
#........## .....#
#.........#
.......######..........
..^.......#...(.K......#
..............)ooK.....[
.............).#o#......
..........!..###s# #..#.
.............##(((.# ...
...........###.≈.≈## .
.............##≈.≈.
#.....<..#..#.≈.≈##
#.....<####.##≈.≈.
#....... ##.≈.≈#
#......... ##_##
...........


You could see an orc priest, an orc wizard (fast, very poisoned), an orc and 2
kobolds.

Vanquished Creatures
  Pikel (D:6)
  A water moccasin (D:6)
  Duvessa (D:6)
  2 ice beasts (D:6)
  An ogre (D:6)
  A necrophage (D:6)
  A centaur (D:6)
  2 lemures (D:6)
  2 big kobolds (D:7)
  Blork the orc (D:6)
  3 bullfrogs
  Dowan (D:6)
  A howler monkey (D:4)
  2 bullfrog skeletons (D:5)
  2 orc priests (D:4)
  4 hounds
  4 orc wizards
  Crazy Yiuf (D:6)
  A centaur skeleton (D:4)
  Jessica (D:3)
  2 iguanas (D:5)
  A worker ant (D:4)
  A worker ant zombie (D:6)
  8 gnolls
  A howler monkey skeleton (D:5)
  7 adders
  A shadow imp (D:5)
  2 white imps (D:5)
  2 oozes
  An adder zombie (D:5)
  5 worms
  3 dart slugs
  4 leopard geckos
  31 orcs
  A ball python (D:2)
  3 bats
  2 giant cockroaches (D:1)
  9 goblins
  5 hobgoblins
  14 jackals
  3 quokkas
  6 frilled lizards
  13 kobolds
  2 leopard gecko skeletons (D:4)
  A quokka zombie (D:5)
  5 rats
166 creatures vanquished.

Notes
Turn   | Place    | Note
-------+----------+-------------------------------------------
     0 | D:1      | Morbidden the Naga Transmuter began the quest for the Orb.
     0 | D:1      | Reached XP level 1. HP: 18/18 MP: 3/3
   528 | D:1      | Reached XP level 2. HP: 9/25 MP: 3/5
  1667 | D:2      | Reached XP level 3. HP: 25/31 MP: 4/6
  1767 | D:2      | Learned a level 3 spell: Spider Form
  1859 | D:2      | Reached skill level 1 in Stealth
  2138 | D:2      | Reached XP level 4. HP: 38/38 MP: 0/8
  2142 | D:2      | Reached skill level 1 in Poison Magic
  2322 | D:2      | Found a sacrificial altar of Ru.
  3516 | D:3      | Reached XP level 5. HP: 44/44 MP: 7/9
  3638 | D:3      | Noticed Jessica
  3652 | D:3      | Killed Jessica
  3929 | D:3      | Reached skill level 4 in Unarmed Combat
  4466 | D:3      | Found a sparkling altar of Nemelex Xobeh.
  5329 | D:4      | Reached XP level 6. HP: 51/51 MP: 6/11
  5554 | D:4      | Reached skill level 1 in Armour
  5788 | D:4      | Found a glowing golden altar of the Shining One.
  6225 | D:4      | Found Ysiyxaoc's Magic Scroll Emporium.
  6232 | D:4      | Bought a scroll of teleportation for 42 gold pieces
  6232 | D:4      | Bought a scroll of teleportation for 42 gold pieces
  6261 | D:4      | Reached XP level 7. HP: 44/60 MP: 8/12
  6533 | D:5      | Entered Level 5 of the Dungeon
  6946 | D:5      | Found a shimmering altar of Xom.
  6951 | D:5      | Found a shimmering altar of Xom.
  7037 | D:5      | Found a shimmering altar of Xom.
  7377 | D:5      | Found a shimmering altar of Xom.
  7457 | D:5      | Found a staircase to the Ecumenical Temple.
  7481 | Temple   | Entered the Ecumenical Temple
  8319 | D:6      | Noticed Duvessa
  8325 | D:6      | Reached XP level 8. HP: 66/69 MP: 9/13
  8328 | D:6      | Noticed Dowan
  8336 | D:6      | Killed Duvessa
  8336 | D:6      | Reached skill level 5 in Unarmed Combat
  8338 | D:6      | Killed Dowan
  8499 | D:6      | Noticed Pikel
  8528 | D:6      | Killed Pikel
  8780 | D:6      | Found a runed translucent door.
  8781 | D:6      | Noticed Crazy Yiuf
  9032 | D:6      | Noticed Blork the orc
  9042 | D:6      | Killed Blork the orc
  9042 | D:6      | Reached skill level 6 in Unarmed Combat
  9042 | D:6      | Reached XP level 9. HP: 77/77 MP: 12/15
 10036 | D:6      | Killed Crazy Yiuf
 10528 | D:7      | Found an iron altar of Okawaru.
 10536 | D:7      | Reached skill level 5 in Transmutations
 10540 | D:7      | Reached skill level 5 in Spellcasting
 10559 | D:7      | Killed from afar by an orc priest

Illustrated notes

Levels and vault maps discovered:
D:1:      dpeg_arrival_leaves_temple_mockup, layout_loops_corners
D:2:      layout_loops_ring, nicolae_ru_sacrificial_ziggurat,
          columned_hall_lemuel
D:3:      layout_basic, serial_curves, eino_curves_04, eino_curves_04,
          nemelex_altar_shiori, uniq_jessica
D:4:      layout_cave_pools, nicolae_tso_carved_into_rock, serial_shops, shop
D:5:      layout_basic, xom_redecorated, minmay_temple_entry_waves
D:6:      layout_loops_cross, uniq_duvessa, uniq_crazy_yiuf_cottage,
          uniq_blork_the_orc, uniq_pikel
D:7:      layout_cave_pools, okawaru_altar_gauntlet_db,
          gammafunk_temple_overflow_wave, vehumet_altar_wand_db,
          chequers_temple_overflow_statue_of_worship, old_standard_altar
Temple:   jpeg_temple_island

Skill      XL: |  1  2  3  4  5  6  7  8  9 |
---------------+----------------------------+-----
Dodging        | 2 3 4 |  4.2
Stealth        | 1 2 3 |  3.1
Poison Magic   | 1 2 3 4 |  4.1
Spellcasting   | 3 4 5 |  5.0
Unarmed Combat | 4 6 |  6.6
Armour         | 1 2 |  2.4
Fighting       | 2 3 4 |  4.9
Transmutations | 3 4 5 |  5.0

Action                   |  1- 3 |  4- 6 |  7- 9 || total
-------------------------+-------+-------+-------++-------
Melee: Unarmed           |    81 |   231 |   294 ||   606
       Headbutt          |     9 |    13 |    11 ||    33
       Punch             |       |     4 |     1 ||     5
 Cast: Beastly Appendage |    19 |    26 |     6 ||    51
       Spider Form       |     1 |     9 |    27 ||    37
 Abil: Spit Poison       |     1 |       |     1 ||     2
  Use: Scroll            |       |     4 |       ||     4
       Potion            |       |     2 |     2 ||     4
 Stab: Sleeping          |       |       |     1 ||     1
Armor: Robe              |    13 |     7 |       ||    20
       Leather armour    |       |    24 |    33 ||    57
       Skin              |       |     5 |    10 ||    15
Dodge: Dodged            |    45 |   152 |   268 ||   465

Table legend: (Time is in decaauts)
 A = Elapsed time spent in this place.
 B = Non-inter-level travel time spent in this place.
 C = Inter-level travel time spent in this place.
 D = Time resting spent in this place.
 E = Time spent auto-exploring this place.
 F = Levels seen in this place.
 G = Mean time per level.
                   A        B        C        D        E       F      G
               +--------+--------+--------+--------+--------+-----+--------+
         Total |  12185 |  11736 |    449 |   2045 |   8234 |   8 | 1523.1 |
       Dungeon |  11832 |  11390 |    442 |   2045 |   7891 |   7 | 1690.3 |
        Temple |    352 |    345 |      7 |      0 |    342 |   1 |  352.0 |
               +--------+--------+--------+--------+--------+-----+--------+

Top non-repeatable levels by time:
     D:2: 2828 daAuts
     D:6: 2130 daAuts
     D:1: 1962 daAuts
     D:5: 1719 daAuts
     D:3: 1588 daAuts
     D:4: 1548 daAuts
  Temple: 352 daAuts
     D:7: 55 daAuts
